 Dungeon Crawl Stone Soup version 0.27.1-34-g3ba077fa99 (webtiles) character file.

Game seed: 724452805174555029

9595 Arum the Geomancer (level 11, -3/68 HPs)
             Began as a Formicid Earth Elementalist on Jan 8, 2022.
             Was a Believer of Vehumet.
             Slain by a manticore (12 damage)
             ... on level 10 of the Dungeon.
             The game lasted 00:29:23 (12759 turns).

Arum the Geomancer (Formicid Earth Elementalist)   Turns: 12759, Time: 00:29:24

Health: -3/68      AC:  5    Str: 13    XL:     11   Next: 77%
Magic:  28/34      EV: 14    Int: 18    God:    Vehumet [**....]
Gold:   651        SH:  0    Dex: 17    Spells: 17/31 levels left

rFire    + + .     SeeInvis +   I - +7 rapier of Foul Odors {flame, rF+ Stlth+}
rCold    + . .     Faith    .   (no shield)
rNeg     . . .     Spirit   .   p - +2 robe {rC+ rF+}
rPois    .         Reflect  .   (helmet unavailable)
rElec    .         Harm     .   (no cloak)
rCorr    .         Rampage  .   D - +0 pair of gloves
Will     +....                  (no boots)
Stlth    +++.......             k - amulet of regeneration
HPRegen  1.21/turn              v - +6 ring of dexterity
MPRegen  0.24/turn              w - ring of magical power

@: studying Maces & Flails
A: permanent stasis, dig shafts and tunnels, antennae 3, four strong arms
a: Dig, Shaft Self, Renounce Religion


You were on level 10 of the Dungeon.
You worshipped Vehumet.
Vehumet was pleased with you.
You visited 2 branches of the dungeon, and saw 11 of its levels.

You collected 707 gold pieces.
You spent 56 gold pieces at shops.

Inventory:

Hand Weapons
 o - a +3 whip of flaming
 H - a +0 quarterstaff of draining
 I - the +7 rapier of Foul Odors (weapon) {flame, rF+ Stlth+}
   (You found it on level 9 of the Dungeon)

   It burns those it strikes, dealing additional fire damage.
   rF:        It protects you from fire.
   Stlth:     It makes you more stealthy.
Missiles
 d - 136 stones
 m - 12 curare-tipped darts
 n - 10 javelins
 u - 4 throwing nets
Armour
 p - a +2 robe of resistance (worn)
 y - the +0 leather armour "Oceuhe" {rPois}
   (You found it on level 6 of the Dungeon)

   rPois:     It protects you from poison.
 B - +0 swamp dragon scales
 D - a +0 pair of gloves (worn)
Jewellery
 k - an amulet of regeneration (around neck)
 v - a +6 ring of dexterity (left hand)
 w - a ring of magical power (right hand)
 x - a ring of fire
 A - an amulet of faith
Wands
 t - a wand of iceblast (12)
 z - a wand of acid (9)
 E - a wand of charming (18)
 F - a wand of polymorph (11)
Scrolls
 b - a scroll of immolation
 i - 3 scrolls of fog
 l - a scroll of silence
 r - a scroll of enchant armour
 s - 3 scrolls of identify
 C - a scroll of amnesia
Potions
 a - 4 potions of attraction
 c - a potion of heal wounds
 e - 4 potions of curing
 f - a potion of might
 g - a potion of invisibility
 h - 2 potions of flight
 j - 2 potions of mutation
 q - a potion of lignification
 J - a potion of resistance {unknown}
Miscellaneous
 G - a lightning rod (4/4)


   Skills:
 - Level 5.0 Dodging
 - Level 2.4 Stealth
 * Level 10.9 Spellcasting
 * Level 7.5 Conjurations
 - Level 1.1 Transmutations
 + Level 12.3 Earth Magic


You had 17 spell levels left.
You knew the following spells:

 Your Spells              Type           Power      Damage    Failure   Level
a - Sandblast             Erth           100%       2d20      1%          1
b - Stone Arrow           Conj/Erth      90%        3d12      1%          3
c - Petrify               Tmut/Erth      34%        N/A       4%          4
d - Iron Shot             Conj/Erth      22%        9d5       19%         6

Your spell library contained the following spells:

 Spells                   Type           Power      Damage    Failure   Level
 Static Discharge         Conj/Air       23%        N/A       2%          2
 Magic Dart               Conj           100%       1d8       1%          1
 Passwall                 Tmut/Erth      28%        N/A       1%          2
 Searing Ray              Conj           74%        3d6       1%          2
 Animate Armour           Summ/Erth      64%        N/A       5%          4
 Wereblood                Tmut           13%        N/A       7%          2
 Freeze                   Ice            36%        1d6       8%          1
 Sublimation of Blood     Necr           4%         N/A       11%         2
 Fulminant Prism          Conj/Hex       11%        3d9       16%         4
 Hailstorm                Conj/Ice       23%        3d7       16%         4
 Frozen Ramparts          Ice            18%        1d3       22%         3
 Inner Flame              Hex/Fire       9%         N/A       22%         3
 Cause Fear               Hex            4%         N/A       58%         4
 Blade Hands              Tmut           6%         N/A       77%         5
 Summon Hydra             Summ           4%         N/A       100%        7
 Discord                  Hex            4%         N/A       100%        8


Dungeon Overview and Level Annotations

Branches:
Dungeon (10/15)            Temple (1/1) D:4             Orc (0/2) D:9
   Lair: D:8-11

Altars:
Ashenzari
Cheibriados
Dithmenos
Elyvilon
Fedhas
Gozag
Hepliaklqana
Kikubaaqudgha
Makhleb
Nemelex Xobeh
Okawaru
Qazlal
Ru
Sif Muna
Trog
Uskayaw
Vehumet
Wu Jian
Xom
Yredelemnul
Zin
The Shining One

Shops:
D:3 *?*   D:9 (=!

Annotations:
D:3 1 runed translucent door, Discosetron's ghost, amateur DjAE
D:8 1 runed translucent door, sydd's ghost, novice DgFi


Innate Abilities, Weirdness & Mutations

You cannot be hasted, slowed, berserked, paralysed or teleported.
You can dig through walls and to a lower floor.
You have a pair of large antennae on your head. (SInv)
Your four strong arms can wield two-handed weapons with a shield.


Message History

The stone arrow hits the electric eel!
The electric eel is severely wounded.
The electric eel shoots out a bolt of lightning at you!
The bolt of electricity hits you!
The stone arrow hits the electric eel!
You kill the electric eel!
Vehumet accepts your kill.
You hear a splash.
An orc wizard comes into view. It is wielding a +0 dagger.
An orc wizard is nearby!
The orc wizard shouts!
HP restored.
Found 17 gold pieces.
A manticore comes into view.
Casting: Stone Arrow (safe; 1% risk of failure)
Confirm with . or Enter, or press ? or * to list all spells.
Aiming: Petrify (dangerous; 4% risk of failure)
Press: ? - help, Shift-Dir - straight line, f - manticore
Aim: a manticore (asleep, chance to affect: 45%)
The manticore is moving more slowly.
Casting: Petrify (dangerous; 4% risk of failure)
Confirm with . or Enter, or press ? or * to list all spells.
Aiming: Petrify (dangerous; 4% risk of failure)
Press: ? - help, Shift-Dir - straight line, f/p - manticore
Aim: a manticore (petrifying slowly, chance to affect: 45%) Nothing appears to happen.
The helpless manticore fails to defend itself.
You puncture the manticore! You burn the manticore.
The manticore is lightly wounded.
The manticore is no longer petrified.
The manticore bites you!! The manticore barely misses you.
The manticore claws you but does no damage.
You puncture the manticore! You burn the manticore.
The manticore is moderately wounded.
The manticore bites you!! The manticore claws you!
* * * LOW HITPOINT WARNING * * *
The manticore claws you!
* * * LOW HITPOINT WARNING * * *
The manticore bites you!
You die...

#.######..#...#≈≈#o
#.........#.⌠.# ≈#
#.#.....#.#...# #
#........###≈.
#[............
###.....####.. ##
#.......# ...
#.....$.# #.
#.@.....# #H......#
#.......# ###.....#
#....... #.......#
#........ ##.....


You could see a manticore.

Vanquished Creatures
  Snorg (D:10)
  Harold (D:8)
  2 two-headed ogres
  Pikel (D:4)
  Joseph (D:9)
  Maggie (D:7)
  Psyche (D:8)
  2 trolls
  The ghost of ioannis32 the Skirmisher, an amateur DsBe of Trog (D:7)
  Prince Ribbit (D:6)
  2 wyverns (D:9)
  Eustachio (D:5)
  Grum (D:8)
  A vampire mosquito (D:7)
  A steam dragon (D:8)
  Edmund (D:5)
  An acid dragon (D:9)
  A water moccasin (D:5)
  Duvessa (D:7)
  2 orc warriors
  A sky beast (D:6)
  An ice beast (D:5)
  A black bear (D:5)
  2 necrophages
  An ogre (D:6)
  5 centaurs
  3 wolves (D:8)
  A lemure (D:4)
  2 phantoms (D:5)
  A bullfrog (D:7)
  2 kobold brigands
  5 scorpions
  A wyvern zombie (D:9)
  Dowan (D:7)
  A howler monkey (D:5)
  5 electric eels
  6 hounds
  A centaur zombie (D:9)
  A gnoll shaman (D:8)
  2 bullfrog skeletons (D:5)
  2 orc priests
  A centaur skeleton (D:7)
  Jessica (D:3)
  5 iguanas
  9 orc wizards
  A scorpion zombie (D:5)
  Natasha (twice) (D:3)
  3 howler monkey zombies
  A hound skeleton (D:4)
  5 gnolls
  3 adders
  3 shadow imps
  3 white imps
  4 ufetubi
  A worm (D:4)
  4 dart slugs
  37 orcs
  5 bats
  6 endoplasms
  4 giant cockroaches
  7 goblins
  7 hobgoblins
  8 jackals
  4 quokkas
  2 ball pythons
  2 frilled lizards
  12 kobolds
  2 rats (D:1)
211 creatures vanquished.

Vanquished Creatures (others)
  An orc (D:8)
  A kobold (D:8)
  A fungus (D:1)
  24 plants (D:8)
27 creatures vanquished.

Grand Total: 238 creatures vanquished

Notes
Turn   | Place    | Note
-------+----------+-------------------------------------------
     0 | D:1      | Arum the Formicid Earth Elementalist began the quest for
                  | the Orb.
     0 | D:1      | Reached XP level 1. HP: 13/13 MP: 3/3
   104 | D:1      | Reached XP level 2. HP: 19/19 MP: 1/5
   245 | D:1      | Reached skill level 4 in Earth Magic
   440 | D:1      | Found a faded altar of an unknown god.
   699 | D:1      | Reached XP level 3. HP: 24/24 MP: 4/7
   932 | D:2      | Learned a level 3 spell: Stone Arrow
  1534 | D:2      | Reached XP level 4. HP: 30/30 MP: 2/8
  2077 | D:2      | Got the Handbook of Ashen Conjuration
  2426 | D:3      | Found a glowing golden altar of the Shining One.
  2455 | D:3      | Found Raymel's General Store.
  2580 | D:3      | Reached XP level 5. HP: 28/35 MP: 4/10
  2644 | D:3      | Reached skill level 1 in Conjurations
  2661 | D:3      | Reached skill level 5 in Earth Magic
  2661 | D:3      | Noticed Natasha
  2757 | D:3      | Killed Natasha
  2914 | D:3      | Found a runed translucent door.
  2914 | D:3      | Noticed Discosetron's ghost (amateur DjAE)
  2972 | D:3      | Reached XP level 6. HP: 37/41 MP: 1/11
  3262 | D:3      | Noticed Jessica
  3265 | D:3      | Killed Jessica
  3298 | D:3      | Found a shimmering blue altar of Sif Muna.
  3491 | D:3      | Found Beesisk's Magic Scroll Emporium.
  3497 | D:3      | Bought a scroll of fog for 28 gold pieces
  3497 | D:3      | Bought a scroll of identify for 28 gold pieces
  3815 | D:3      | Found a hide-covered altar of Uskayaw.
  3815 | D:3      | Found a blossoming altar of Fedhas.
  3833 | D:3      | Found Tyatwucwu's General Store.
  3978 | D:3      | Noticed Natasha
  3988 | D:3      | Killed Natasha
  4035 | D:3      | Found Puycwaru's Weapon Emporium.
  4153 | D:4      | Found a staircase to the Ecumenical Temple.
  4162 | Temple   | Entered the Ecumenical Temple
  4609 | D:4      | Reached XP level 7. HP: 46/46 MP: 6/13
  4870 | D:4      | Reached skill level 6 in Earth Magic
  4959 | D:4      | Noticed Pikel
  5043 | D:4      | Killed Pikel
  5044 | D:4      | Reached skill level 5 in Spellcasting
  5044 | D:4      | Reached skill level 7 in Earth Magic
  5044 | D:4      | Reached XP level 8. HP: 52/52 MP: 1/16
  5884 | D:5      | Entered Level 5 of the Dungeon
  6219 | D:5      | Found a snail-covered altar of Cheibriados.
  6222 | D:5      | Found a shadowy altar of Dithmenos.
  6224 | D:5      | Found a glowing silver altar of Zin.
  6224 | D:5      | Found a broken altar of Ashenzari.
  6359 | D:5      | Reached skill level 8 in Earth Magic
  6458 | D:5      | Noticed Edmund
  6466 | D:5      | Killed Edmund
  6467 | D:5      | Reached XP level 9. HP: 57/57 MP: 1/18
  7041 | D:5      | Reached skill level 9 in Earth Magic
  7132 | D:5      | Noticed Eustachio
  7369 | D:5      | Found a shimmering altar of Xom.
  7666 | D:5      | Killed Eustachio
  7993 | D:6      | Noticed Prince Ribbit
  8001 | D:6      | Killed Prince Ribbit
  8013 | D:6      | Reached skill level 5 in Dodging
  8248 | D:6      | Reached XP level 10. HP: 63/63 MP: 11/21
  8632 | D:6      | Identified the +0 leather armour "Oceuhe" {rPois}
  8652 | D:6      | Found a stormy altar of Qazlal.
  8842 | D:7      | Found an ornate altar of the Wu Jian Council.
  8843 | D:7      | Found a bloodstained altar of Trog.
  8844 | D:7      | Found a runed translucent gate.
  8844 | D:7      | Found a runed translucent gate.
  8844 | D:7      | Found a runed translucent gate.
  8844 | D:7      | Noticed a two-headed ogre
  8850 | D:7      | Noticed Maggie
  8852 | D:7      | Killed a two-headed ogre
  8853 | D:7      | Reached skill level 5 in Conjurations
  8853 | D:7      | Reached skill level 10 in Earth Magic
  8861 | D:7      | Killed Maggie
  9004 | D:7      | Found an opulent altar of Gozag.
  9006 | D:7      | Noticed ioannis32's ghost (amateur DsBe)
  9277 | D:7      | Noticed Duvessa
  9277 | D:7      | Noticed Dowan
  9279 | D:7      | Killed Dowan
  9283 | D:7      | Killed Duvessa
  9443 | D:7      | Learned a level 4 spell: Petrify
  9463 | D:7      | Found a radiant altar of Vehumet.
  9538 | D:7      | Became a worshipper of Vehumet
  9965 | D:7      | Reached skill level 11 in Earth Magic
  9975 | D:7      | Killed ioannis32's ghost
 10116 | D:8      | Noticed Psyche
 10417 | D:8      | Killed Psyche
 10422 | D:8      | Noticed Harold
 10431 | D:8      | Killed Harold
 10431 | D:8      | Reached * piety under Vehumet
 10431 | D:8      | Offered knowledge of Shock by Vehumet.
 10432 | D:8      | Reached XP level 11. HP: 68/68 MP: 11/24
 10671 | D:8      | Noticed Grum
 10677 | D:8      | Reached skill level 10 in Spellcasting
 10705 | D:8      | Killed Grum
 10960 | D:8      | Learned a level 6 spell: Iron Shot
 10989 | D:8      | Found a runed translucent door.
 10989 | D:8      | Found a shimmering altar of Xom.
 10989 | D:8      | Noticed sydd's ghost (novice DgFi)
 10990 | D:8      | Noticed a +0 whip of chaos
 11340 | D:9      | Found Piadgh's Antique Weapon Emporium.
 11388 | D:9      | Noticed Joseph
 11393 | D:9      | Killed Joseph
 11394 | D:9      | Reached skill level 12 in Earth Magic
 11495 | D:9      | Found Boxorul's Jewellery Shoppe.
 11663 | D:9      | Identified the +7 rapier of Foul Odors {flame, rF+ Stlth+}
 11868 | D:8      | Offered knowledge of Static Discharge by Vehumet.
 12007 | D:9      | Reached ** piety under Vehumet
 12054 | D:9      | Found a staircase to the Orcish Mines.
 12188 | D:9      | Noticed a two-headed ogre
 12199 | D:9      | Killed a two-headed ogre
 12232 | D:9      | Found Zaupteox's Distillery.
 12535 | D:10     | Entered Level 10 of the Dungeon
 12560 | D:10     | Noticed Snorg
 12579 | D:10     | Killed Snorg
 12750 | D:10     | Noticed a manticore
 12759 | D:10     | Slain by a manticore

Illustrated notes

Levels and vault maps discovered:
D:1:      dpeg_arrival_subterranean_lakeside_camping, layout_loops_cross,
          ebering_ecumenical_altar_sacrificial, minmay_shallow_snake_nest
D:2:      layout_loops_cross, grunt_ministairs_10
D:3:      layout_basic, tgw_sif, gammafunk_temple_overflow_elements,
          tso_metal_star, serial_shops, nicolae_lakefront_shop,
          nicolae_shop_waterfront, nicolae_diamond_shop, shop,
          ebering_ghost_inner_flame, hangedman_decor_diamond_cutter,
          cheibrodos_gnoll_hut, uniq_natasha
D:4:      layout_basic, minmay_temple_entry_glass, uniq_pikel
D:5:      cheibrodos_barr_body, layout_cave_pods, mainiacjoe_overflow_paths,
          mainiacjoe_overflow_alcove_3, uniq_edmund, uniq_eustachio
D:6:      layout_loops_cross, mainiacjoe_overflow_brackets, lemuel_old_faithful,
          uniq_prince_ribbit1
D:7:      layout_loops_cross, nicolae_vehumet_radiance,
          mainiacjoe_overflow_divided_tiny, ebering_ghost_gozag,
          minmay_manual_mandibuliform, uniq_maggie, uniq_duvessa,
          uniq_crazy_yiuf_cottage
D:8:      layout_rooms, ebering_ghost_xom, serial_bayou_lagoon_b, uniq_grum,
          uniq_harold, uniq_psyche
D:9:      layout_gridville, hiddenorc1_lemuel, serial_shops,
          nicolae_shop_behind_doors, nicolae_stop_n_shop_2,
          nicolae_stop_n_shop_1, uniq_joseph
D:10:     layout_basic, serial_shops, nicolae_shop_waterfront, fountainhead,
          hangedman_decor_opposing, uniq_snorg
Temple:   jpeg_temple_island

Skill      XL: |  1  2  3  4  5  6  7  8  9 10 11 |
---------------+----------------------------------+-----
Dodging        | 2 3 4 5 |  5.0
Earth Magic    | 4 5 7 8 9 11 12 | 12.3
Spellcasting   | 3 4 5 6 7 9 10 | 10.9
Conjurations   | 1 2 3 4 5 7 |  7.5
Stealth        | |  2.4
Transmutations | |  1.1

Action                   |  1- 3 |  4- 6 |  7- 9 | 10-12 || total
-------------------------+-------+-------+-------+-------++-------
Melee: Unarmed           |    26 |    13 |       |       ||    39
       Flail             |       |    20 |       |       ||    20
       Whip              |       |       |    58 |    20 ||    78
       Rapier            |       |       |       |    44 ||    44
Throw: Dart              |       |       |     8 |     6 ||    14
 Cast: Sandblast         |    37 |    26 |    28 |    14 ||   105
       Stone Arrow       |     5 |    39 |    72 |   159 ||   275
       Petrify           |       |       |       |    12 ||    12
 Abil: Dig               |       |       |     3 |       ||     3
Evoke: Wand              |       |       |     5 |       ||     5
  Use: Scroll            |       |     5 |     8 |     2 ||    15
       Potion            |       |       |       |     1 ||     1
 Stab: Petrified         |       |       |       |    51 ||    51
Armor: Robe              |     8 |     5 |    30 |     3 ||    46
       Skin              |       |       |       |     4 ||     4
Dodge: Dodged            |    18 |    31 |    74 |    59 ||   182
